[Event "*** Titled Tuesday Blitz"]
[Site "Chess.com"]
[Date "2020.04.07"]
[Round "5"]
[White "TheBigBadChessDad"]
[Black "TomasKapitanchuk"]
[Result "0-1"]
[WhiteElo "2267"]
[BlackElo "2487"]
[TimeControl "180+1"]
[EndTime "13:56:18 PDT"]
[Termination "TomasKapitanchuk won by resignation"]

1. d4 Nf6 2. Nf3 e6 3. Bf4 d5 4. e3 Bd6 5. Bg3 O-O 6. Nbd2 c5 7. c3 Nc6 8. Bb5 Ne7 9. Bd3 b6 10. Ne5 Bb7 11. f4 Ne4 12. Qf3 f6 13. Ng4 Nxd2 14. Kxd2 Nf5 15. Raf1 Be7 16. Nf2 Nd6 17. h4 Qc8 18. h5 Ba6 19. Bxa6 Qxa6 20. a3 Qb5 21. Nd1 Rac8 22. Qe2 Nc4+ 23. Kc1 e5 24. fxe5 fxe5 25. Rxf8+ Rxf8 26. Bxe5 Qb3 27. Rf1 Nxe5 28. Rxf8+ Kxf8 29. dxe5 Bg5 30. Qg4 h6 31. Qf5+ Ke7 32. e6 Bf6 33. e4 Bg5+ 34. Kb1 Qxd1+ 35. Ka2 dxe4 36. Qf7+ Kd8 37. Qf8+ Kc7 38. Qxg7+ Kc6 39. c4 Qd4 40.
Qg8 Qxc4+ 41. Ka1 Qc1+ 42. Ka2 Qc4+ 43. Ka1 Qf1+ 44. Ka2 Qf6 45. Qc8+ Kd6 46. Qd7+ Ke5 47. Qxa7 Qxe6+ 48. Ka1 e3 49. Qa6 Qd5 50. Qxb6 e2 51. Qc7+ Ke4 52. Qh7+ Ke3 0-1

[Event "*** Titled Tuesday Blitz"]
[Site "Chess.com"]
[Date "2020.04.07"]
[Round "5"]
[White "2nd_life"]
[Black "JustKid"]
[Result "1-0"]
[WhiteElo "2413"]
[BlackElo "2570"]
[TimeControl "180+1"]
[EndTime "13:56:19 PDT"]
[Termination "2nd_life won by resignation"]

1. e4 c5 2. Nf3 d6 3. d4 cxd4 4. Nxd4 Nf6 5. Nc3 Nc6 6. Bg5 e6 7. Qd2 a6 8. O-O-O h6 9. Nxc6 bxc6 10. Bf4 d5 11. Qe3 Bb4 12. Be2 Qa5 13. Be5 Bxc3 14.
Bxc3 Qxa2 15. Bxf6 gxf6 16. Qc3 Rb8 17. exd5 cxd5 18. Qxf6 Rg8 19. g3 Qa1+ 20. Kd2 Qxb2 21. Qxb2 Rxb2 22. Rb1 Rxb1 23. Rxb1 e5 24. Rb6 Rg6 25.
Rb8 Kd7 26. Rb2 Kc7 27. Ra2 Bb7 28. c3 Rb6 29. Ke3 f5 30. Kd2 Kd6 31. f4 e4 32.
h3 Kc5 33. g4 fxg4 34. hxg4 Rf6 35. f5 Rb6 36. Ke3 Rb3 37. Kd2 Rb6 38. Ke3 Rb3 39. Kd2 Kb6 40. Kc2 d4 41. Kxb3 Bd5+ 42. c4 d3 43. cxd5 Kc5 44. Bxd3 exd3 45. Rd2 Kd6 46.
Rxd3 1-0

[Event "*** Titled Tuesday Blitz"]
[Site "Chess.com"]
[Date "2020.04.07"]
[Round "5"]
[White "eldur16"]
[Black "ajian"]
[Result "0-1"]
[WhiteElo "2543"]
[BlackElo "2407"]
[TimeControl "180+1"]
[EndTime "13:56:20 PDT"]
[Termination "ajian won by resignation"]

1. e4 c5 2. Ne2 Nc6 3. d4 cxd4 4.
Nxd4 Nf6 5. Nc3 e5 6. Ndb5 d6 7. Bg5 a6 8. Na3 b5 9. Nd5 Be7 10. Bxf6 Bxf6 11. c4 b4 12. Nc2 a5 13. g3 Bg5 14. h4 Bh6 15. Bh3 Be6 16. Kf1 O-O 17.
Kg2 Nb8 18. b3 Na6 19. Qf3 Nc5 20. g4 Qxh4 21. Rad1 Bxd5 22. Rxd5 Qe7 23. Rhd1 Rfd8 24. g5 Bxg5 25. Kh1 Ne6 26. Rg1 h6 27. Rdd1 Nf4 28.
Ne3 a4 29. Bf1 axb3 30. axb3 Ra2 31. Rg4 Rda8 32. Nf5 Qa7 33. c5 Qxc5 34. Rxg5 hxg5 35. Bc4 Rxf2 36. Qg4 Rg2 37. Ne7+ Kf8 38. Qf5 Rh2+ 0-1

[Event "*** Titled Tuesday Blitz"]
[Site "Chess.com"]
[Date "2020.04.07"]
[Round "5"]
[White "Lysiak_Poltorak"]
[Black "FLamps8"]
[Result "0-1"]
[WhiteElo "2349"]
[BlackElo "2530"]
[TimeControl "180+1"]
[EndTime "13:56:21 PDT"]
[Termination "FLamps8 won by resignation"]

1. d4 d5 2. c4 e6 3. Nc3 Nf6 4. cxd5 exd5 5. Bg5 c6 6. e3 Qb6 7. Qc2 Ne4 8. Nxe4 dxe4 9. O-O-O Qa5 10. Qxe4+ Be6 11. Nf3 Qxa2 12. Bd3 f5 13. Qe5 Nd7 14.
Qc7 Bb4 15. Ne5 Nxe5 16. dxe5 O-O 17. Be7 Rfc8 18. Qxc8+ Rxc8 19. Bxb4 Qa1+ 20. Bb1 Ba2 21. Kc2 Bxb1+ 22. Rxb1 Qa4+ 23. b3 Qxb4 24. Rhd1 Qc5+ 25.
Kb2 Qxe5+ 26. Ka2 Qxh2 27. Rd7 Qxg2 28. Rbd1 Qxf2+ 29. Ka3 Qxe3 30. Rxb7 Qc5+ 31. Kb2 Qe5+ 32. Ka3 Re8 33. Rdd7 f4 34. Rxg7+ Qxg7 35. Rxg7+ 0-1

[Event "*** Titled Tuesday Blitz"]
[Site "Chess.com"]
[Date "2020.04.07"]
[Round "5"]
[White "Megagigahiper3345"]
[Black "csati17"]
[Result "1-0"]
[WhiteElo "2309"]
[BlackElo "2464"]
[TimeControl "180+1"]
[EndTime "13:56:22 PDT"]
[Termination "Megagigahiper3345 won by resignation"]

1. d4 Nf6 2. c4 g6 3. Nc3 d5 4. Nf3 Bg7 5. Qb3 dxc4 6. Qxc4 O-O 7. e4 e5 8. dxe5 Ng4 9. Bg5 Qe8 10. Nd5 Be6 11. Ne7+ Kh8 12. Qc3 Nd7 13. h4 Ndxe5 14. Nxe5 Nxe5 15. h5 f6 16. h6 Qxe7 17. hxg7+ Kxg7 18. Qxe5 Qb4+ 19. Bd2 Qb6 20. Qh2 h5 21. Be2 Qxb2 22. Rd1 Rad8 23. Qxc7+ Rd7 24. Qc3 Qxa2 25. Qe3 g5 26. f4 Bb3 27. fxg5 Bxd1 28. gxf6+ Rxf6 29.
Qg5+ Rg6 30. Bc3+ Kf7 31. O-O+ Ke8 32. Qxg6+ Kd8 33. Bf6+ Kc7 34. Bxd1 Qd2 35. Be5+ Kc8 36. Rf8+ Rd8 37. Qe6+ Qd7 38. Qxd7+ Kxd7 39. Rxd8+ Kxd8 40. Bxh5 a5 41. Ba1 b5 42. Be2 b4 43. Bd1 1-0

[Event "*** Titled Tuesday Blitz"]
[Site "Chess.com"]
[Date "2020.04.07"]
[Round "5"]
[White "XiaoKangZhong"]
[Black "AnnaChessLook"]
[Result "1-0"]
[WhiteElo "2423"]
[BlackElo "2229"]
[TimeControl "180+1"]
[EndTime "13:56:22 PDT"]
[Termination "XiaoKangZhong won by checkmate"]

1. e4 c5 2. c3 e6 3. d4 d5 4. exd5 exd5 5. Nf3 Nc6 6. Be3 c4 7. g3 Bd6 8. Bg2 Nge7 9. O-O O-O 10. b3 cxb3 11.
axb3 Bf5 12. b4 a6 13. Nbd2 Qd7 14. Nb3 Bh3 15. Nc5 Bxc5 16. bxc5 Bxg2 17. Kxg2 Rfb8 18.
Rb1 Ng6 19. Qa4 Qf5 20. Rb6 h5 21. h3 h4 22. g4 Qe4 23. Rfb1 Nce5 24. Qd1 Nc4 25.
Rxb7 Rxb7 26. Rxb7 Nxe3+ 27. fxe3 Qxe3 28. Qf1 Nf4+ 29. Kh2 Re8 30. Ne5 Qg3+ 31. Kh1 f6 32. c6 Nxh3 33.
Nd3 Re2 34. Rb8+ Kf7 35. Rb7+ Kg6 36. Qf5+ Kh6 37. Qh5# 1-0

[Event "*** Titled Tuesday Blitz"]
[Site "Chess.com"]
[Date "2020.04.07"]
[Round "5"]
[White "Eloist"]
[Black "TregubovP"]
[Result "0-1"]
[WhiteElo "2260"]
[BlackElo "2467"]
[TimeControl "180+1"]
[EndTime "13:56:22 PDT"]
[Termination "TregubovP won by resignation"]

1. e4 e5 2. Bc4 Nf6 3. d3 c6 4. Nf3 d5 5. Bb3 Bb4+ 6. Bd2 Bxd2+ 7. Nbxd2 a5 8. c3 Bg4 9. h3 Bxf3 10. Nxf3 Nbd7 11.
O-O O-O 12. Re1 Re8 13. Bc2 h6 14. d4 dxe4 15. Bxe4 exd4 16. Qxd4 Qb6 17. Qxb6 Nxb6 18. Bc2 Kf8 19. a4 Rxe1+ 20. Rxe1 Rd8 21. Bb3 Nfd7 22. Rd1 Re8 23. Bc2 Nc5 24. b3 Nd5 25. c4 Nb4 26.
Rd2 Nxc2 27. Rxc2 Nxb3 28. Rb2 Nc5 29. Nd4 Re4 30. Nb3 Nxa4 31. Ra2 Rxc4 32. Nxa5 Rc1+ 33. Kh2 b5 34. Rd2 Ke7 35. Re2+ Kd7 36. Rd2+ Kc7 37. Re2 Kb6 38. Nb3 Rc3 39. Nd4 Rd3 40. Nf5 b4 41.
Re8 b3 42. Nxg7 b2 43. Rb8+ Kc7 44. Rb4 Rd1 0-1

[Event "*** Titled Tuesday Blitz"]
[Site "Chess.com"]
[Date "2020.04.07"]
[Round "5"]
[White "Abdimalik_Abdisalimov"]
[Black "Semen_Khanin"]
[Result "1/2-1/2"]
[WhiteElo "2850"]
[BlackElo "2639"]
[TimeControl "180+1"]
[EndTime "13:56:24 PDT"]
[Termination "Game drawn by repetition"]

1. d4 Nf6 2. c4 g6 3. Nc3 d5 4. cxd5 Nxd5 5. e4 Nxc3 6. bxc3 Bg7 7. Bc4 c5 8. Ne2 Nc6 9. Be3 O-O 10. O-O b6 11. h4 cxd4 12. cxd4 e6 13. h5 Qh4 14. hxg6 hxg6 15. Rc1 Bb7 16. d5 Ne5 17. Bf4 Nxc4 18. Rxc4 exd5 19. exd5 Rad8 20. d6 g5 21. Rc7 Bxg2 22.
Kxg2 gxf4 23. Rh1 Qg4+ 24. Kf1 f3 25. Ng3 Rfe8 26. Qd5 Qg6 27. Qxf3 Rxd6 28. Nf5 Rf6 29. Ne7+ Rxe7 30. Qa8+ Bf8 31. Rxe7 Qb1+ 32. Re1 Qb5+ 33.
Re2 Qb1+ 34. Re1 Qb5+ 35. Re2 Qb1+ 36. Re1 1/2-1/2

[Event "*** Titled Tuesday Blitz"]
[Site "Chess.com"]
[Date "2020.04.07"]
[Round "5"]
[White "mbachez"]
[Black "TST2014"]
[Result "1-0"]
[WhiteElo "2376"]
[BlackElo "2516"]
[TimeControl "180+1"]
[EndTime "13:56:24 PDT"]
[Termination "mbachez won by resignation"]

1. e4 c5 2. Nf3 Nc6 3. Bb5 g6 4. c3 Nf6 5. Qe2 Bg7 6. O-O O-O 7. d4 cxd4 8. cxd4 d5 9. e5 Ne4 10. Bd3 Bg4 11. Be3 Qb6 12. Nc3 Nxc3 13. bxc3 f6 14. h3 Bh5 15. g4 fxe5 16. dxe5 d4 17. cxd4 Bxg4 18. hxg4 Nb4 19. Be4 Qe6 20. Ng5 Qa6 21. Qxa6 Nxa6 22. Bxb7 Nc7 23. Bxa8 Rxa8 24. Rfc1 Nd5 25.
Rab1 Nxe3 26. fxe3 Bh6 27. Nf3 Bxe3+ 28. Kg2 Bxc1 29. Rxc1 Kf7 30. d5 h6 31. Rc7 Ke8 32. d6 exd6 33. Rh7 Rd8 34. e6 h5 35. g5 d5 36. Ne5 Rd6 37. Nxg6 Rxe6 38. Rh8+ Kf7 39. Nf4 Ra6 40. Rh7+ Kg8 41. g6 Rxa2+ 42. Kg3 Ra6 43.
Kh4 Rxg6 44. Rxh5 Rd6 45. Nxd5 Kf7 46. Kg4 a5 47. Nf4 Ra6 48. Kf5 a4 49. Rh7+ Ke8 50.
Ne6 a3 51. Kf6 Rxe6+ 52. Kxe6 Kf8 53. Ra7 a2 54. Rxa2 1-0

[Event "*** Titled Tuesday Blitz"]
[Site "Chess.com"]
[Date "2020.04.07"]
[Round "5"]
[White "Nathan_Filgueiras"]
[Black "beccrajoy"]
[Result "1-0"]
[WhiteElo "2308"]
[BlackElo "1789"]
[TimeControl "180+1"]
[EndTime "13:56:24 PDT"]
[Termination "Nathan_Filgueiras won by checkmate"]

1. e4 c5 2. Nf3 e6 3. d4 cxd4 4.
Nxd4 a6 5. Bd3 Nf6 6. O-O Qc7 7. Qe2 Nc6 8. Nxc6 dxc6 9. e5 Nd5 10. a3 b5 11. b3 Bb7 12. c4 Nb6 13. Bb2 Kd8 14. Nc3 g6 15. Rad1 Ke7 16. Ne4 Bg7 17. Nd6 Rad8 18. Qf3 Rhf8 19. Qg3 Nd7 20. Qh4+ f6 21. Qxh7 Nxe5 22. Bxe5 fxe5 23. Bxg6 Rxd6 24. Qxg7+ Kd8 25. Qxf8+ Kd7 26. c5 Rd5 27. Rxd5+ cxd5 28. Qe8# 1-0

[Event "*** Titled Tuesday Blitz"]
[Site "Chess.com"]
[Date "2020.04.07"]
[Round "5"]
[White "Agent-JL"]
[Black "AustrianFalcon"]
[Result "1-0"]
[WhiteElo "2430"]
[BlackElo "2593"]
[TimeControl "180+1"]
[EndTime "13:56:25 PDT"]
[Termination "Agent-JL won by checkmate"]

1. Nf3 g6 2. g3 Bg7 3. Bg2 e5 4. d3 Ne7 5. O-O O-O 6. e4 b6 7. Nbd2 Bb7 8. c3 d5 9. Qc2 Nd7 10. b4 a5 11. Bb2 h6 12. a3 f5 13.
exf5 Nxf5 14. Rfe1 Qf6 15. Nf1 axb4 16. cxb4 Qd6 17.
Rac1 c5 18. Qb3 Kh7 19. Ne3 Nxe3 20. fxe3 c4 21. dxc4 dxc4 22. Qd1 Qe6 23. e4 b5 24. Qe2 Nb6 25. Qe3 Na4 26. Ba1 Rfd8 27. Red1 g5 28. Rxd8 Rxd8 29. Qxg5 Qd6 30. Qf5+ Kg8 31.
Bxe5 Qb6+ 32. Kh1 Qe3 33. Re1 Qb6 34. Qg4 Rd7 35. Qxd7 Bxe5 36. Nxe5 Qf2 37. Rf1 Qxf1+ 38. Bxf1 Bxe4+ 39. Kg1 c3 40. Qf7+ Kh8 41. Nd7 c2 42. Nf6 Bh7 43. Qf8+ Bg8 44. Qxg8# 1-0

[Event "*** Titled Tuesday Blitz"]
[Site "Chess.com"]
[Date "2020.04.07"]
[Round "5"]
[White "Moon_stone123"]
[Black "mshuaau0"]
[Result "1-0"]
[WhiteElo "2494"]
[BlackElo "2213"]
[TimeControl "180+1"]
[EndTime "13:56:26 PDT"]
[Termination "Moon_stone123 won by resignation"]

1. e4 e5 2. Nf3 Nc6 3. Bb5 a6 4.
Ba4 Nf6 5. O-O Be7 6. Re1 b5 7. Bb3 d6 8. c3 O-O 9. h3 Nb8 10. d4 Nbd7 11. Nbd2 Bb7 12. a4 Nb6 13. a5 Nbd7 14.
Bc2 Re8 15. Nf1 Bf8 16. Ng3 g6 17. Bg5 h6 18. Bd2 Bg7 19. h4 exd4 20. cxd4 c5 21. d5 Ng4 22. h5 g5 23. Nf5 Nde5 24.
Nxe5 Nxe5 25. f4 gxf4 26. Bxf4 Bc8 27. Nxh6+ Bxh6 28. Bxh6 Qh4 29. Qd2 Qxh5 30. Qg5+ Qxg5 31. Bxg5 Kh7 32. Kf2 Kg6 33. Bf4 Bg4 34. Kg3 Bd7 35. Rh1 Rh8 36. Bxe5 dxe5 37. Raf1 Rag8 38. Rxh8 Rxh8 39.
b3 Rh5 40. Kf2 f5 41. exf5+ Bxf5 42. Rc1 e4 43. g4 Rh2+ 44. Kg3 Rxc2 45. Rxc2 Bd7 46.
Rxc5 Kf6 47. Kf4 e3 48. g5+ Kg6 49. Kxe3 Kxg5 50. Kd4 Kf5 51. Rc7 Be8 52. Kc5 Ke5 53. Ra7 Bh5 54. Re7+ Kf6 55. Ra7 Bd1 56. b4 Ke5 57. Rxa6 Bb3 58. Re6+ Kf5 59. Re1 Bc4 60. d6 Kf6 61. d7 1-0

[Event "*** Titled Tuesday Blitz"]
[Site "Chess.com"]
[Date "2020.04.07"]
[Round "5"]
[White "nfds"]
[Black "VinzentSpitzl"]
[Result "1-0"]
[WhiteElo "2578"]
[BlackElo "2359"]
[TimeControl "180+1"]
[EndTime "13:56:26 PDT"]
[Termination "nfds won by checkmate"]

1. e4 c6 2. Nc3 d5 3. Nf3 dxe4 4. Nxe4 Nf6 5. Nxf6+ exf6 6. d4 Bd6 7. Be2 O-O 8.
O-O Nd7 9. d5 cxd5 10. Qxd5 Ne5 11. Rd1 Bc7 12. Nxe5 Qxd5 13. Rxd5 Bxe5 14. c3 Be6 15. Rd1 Rad8 16. Be3 b6 17. f4 Bb8 18. a4 Bb3 19. Rxd8 Rxd8 20. a5 bxa5 21. Rxa5 g6 22. g3 Rd5 23. Ra3 Bd1 24. Kf2 Bxe2 25. Kxe2 Rb5 26.
b4 Rb7 27. Ra6 f5 28. Bd4 Kf8 29. c4 Ke8 30. b5 Kd7 31. Rf6 Ke7 32. Kd3 Rd7 33. Rc6 Rb7 34. Bc5+ Kd7 35. Kd4 h6 36.
Kd5 g5 37. Rf6 gxf4 38. Rxf7+ Kc8 39. Rf8+ Kd7 40. gxf4 Bxf4 41. h3 Bb8 42. Rf7+ Kc8 43. Rf8+ Kd7 44. Rxf5 Kc8 45. Bd6 Rd7 46. Rf8+ Kb7 47.
Rxb8# 1-0

[Event "*** Titled Tuesday Blitz"]
[Site "Chess.com"]
[Date "2020.04.07"]
[Round "5"]
[White "StoreySniper"]
[Black "vizumatv4hoda"]
[Result "0-1"]
[WhiteElo "2526"]
[BlackElo "2726"]
[TimeControl "180+1"]
[EndTime "13:56:27 PDT"]
[Termination "vizumatv4hoda won on time"]

1. c4 Nf6 2. g3 g6 3. Bg2 Bg7 4.
Nc3 O-O 5. d4 d6 6. e4 Nc6 7.
Nge2 e5 8. d5 Nd4 9. O-O c5 10.
dxc6 bxc6 11. Bg5 h6 12. Be3 Ng4 13. Bxd4 exd4 14. Nxd4 Ne5 15. b3 Bg4 16. f3 Qg5 17. Nce2 Qe3+ 18. Kh1 Bd7 19. Nc2 Qc5 20. h3 f5 21. Nf4 fxe4 22. fxe4 Rae8 23. Qd2 Rf7 24. Rae1 Ref8 25. Ne3 a5 26. Rd1 h5 27. Nc2 a4 28.
Qxd6 Qxd6 29. Rxd6 g5 30. Nd4 gxf4 31. gxf4 Rxf4 32. Rxf4 Rxf4 33. Nf3 Nxf3 34. Rxd7 axb3 35. axb3 Nd4 36. Rc7 Rf2 37. b4 Rb2 38. b5 Rb1+ 39.
Bf1 Rxf1+ 40. Kg2 Rb1 41. bxc6 Rc1 42. Rc8+ Kh7 43. c7 Rc2+ 44. Kg3 Rxc4 45. Kh4 Ne6 46.
Kxh5 Nxc7 47. e5 Rc5 48. Kg4 Bxe5 49. h4 Bg7 50. h5 Rc4+ 51. Kh3 Kh6 52. Kg2 Kxh5 53.
Kf3 Kg5 54. Ke2 Kf5 55. Kd3 Rc5 56. Kd2 Ke4 57. Ke2 Rc2+ 58. Kd1 Rc6 59. Rg8 Be5 60. Rc8 Bf4 61. Ke2 Rc2+ 62. Kf1 Kf3 63. Re8 Nd5 0-1

[Event "*** Titled Tuesday Blitz"]
[Site "Chess.com"]
[Date "2020.04.07"]
[Round "5"]
[White "Chessdemon2019"]
[Black "IMDT02"]
[Result "0-1"]
[WhiteElo "2259"]
[BlackElo "2462"]
[TimeControl "180+1"]
[EndTime "13:56:29 PDT"]
[Termination "IMDT02 won on time"]

1. e4 c5 2. Nf3 Nc6 3. Bb5 Nf6 4. Bxc6 dxc6 5. d3 Bg4 6. h3 Bh5 7. O-O Nd7 8. Nc3 e5 9. Be3 f6 10. a4 a5 11. Qe2 Bd6 12. Rfe1 Qc7 13. Bd2 O-O 14.
Qe3 Rfe8 15. Nh2 Nf8 16. Nf1 Ne6 17. Ng3 Bg6 18. Nce2 Nd4 19. Nxd4 cxd4 20. Qe2 b5 21. Ra2 Bb4 22. Rea1 Bxd2 23. Qxd2 b4 24. b3 Rf8 25. Rf1 Bf7 26. Raa1 g6 27. f4 Rae8 28. fxe5 Qxe5 29.
Ne2 g5 30. Rf5 Qd6 31. Raf1 Bg6 32. Rxa5 c5 33. Ra7 Qb6 34. Rd7 Re6 35. Ng3 Qc6 36. Rd5 Rfe8 37. Nf5 Kf8 38. Qc1 Re5 39. Rxe5 Rxe5 40.
Nh6 Kg7 41. Ng4 Re6 42. Kh1 h5 43. Nh2 Qd6 44. Nf3 g4 45. hxg4 hxg4 46. Nh4 Qg3 47.
Nf5+ Bxf5 48. Rxf5 Qh4+ 49. Kg1 g3 50. Qf4 Qh2+ 51.
Kf1 Qh1+ 52. Ke2 Qxg2+ 53. Kd1 Qh1+ 54. Kd2 g2 55. Qg4+ Kf7 56. e5 g1=Q 57. Rxf6+ Rxf6 58. Qd7+ Kg6 59. Qe8+ Rf7 60. Qe6+ Kg7 0-1

[Event "*** Titled Tuesday Blitz"]
[Site "Chess.com"]
[Date "2020.04.07"]
[Round "5"]
[White "Quiet_Desperation"]
[Black "fugadelafuga"]
[Result "0-1"]
[WhiteElo "2042"]
[BlackElo "2316"]
[TimeControl "180+1"]
[EndTime "13:56:29 PDT"]
[Termination "fugadelafuga won by checkmate"]

1. e4 c5 2. Nf3 Nc6 3. d4 cxd4 4. Nxd4 e5 5. Nb5 a6 6. N5c3 Nf6 7. Bg5 h6 8. Bxf6 Qxf6 9. Nd5 Qd8 10. Bd3 d6 11. O-O Be6 12. Nbc3 Be7 13. f4 exf4 14. Rxf4 Ne5 15.
Kh1 O-O 16. Qe2 Bg5 17. Rff1 b5 18. a3 Rc8 19. Rae1 Bg4 20. Qf2 Be6 21. a4 bxa4 22. Bxa6 Rb8 23. Rb1 Qa5 24. Be2 a3 25. bxa3 Qxa3 26.
h4 Bd2 27. Ne7+ Kh8 28. Ncd5 Rxb1 29. Rxb1 Qa2 30. Rd1 Ba5 31. Bh5 Qc4 32. Qe2 Qc5 33. Rb1 Bd8 34. Bf3 Bxd5 35. Nxd5 Bxh4 36. Bg4 Bg3 37.
Rb3 Nxg4 38. Qxg4 Be5 39. Qe2 Rc8 40. c3 Qc4 41. Qxc4 Rxc4 42. Ne7 Rxe4 43. Nd5 Re1# 0-1

[Event "*** Titled Tuesday Blitz"]
[Site "Chess.com"]
[Date "2020.04.07"]
[Round "5"]
[White "vaps"]
[Black "indfraeng"]
[Result "0-1"]
[WhiteElo "1976"]
[BlackElo "2237"]
[TimeControl "180+1"]
[EndTime "13:56:29 PDT"]
[Termination "indfraeng won on time"]

1. Nf3 Nf6 2. c4 c5 3. Nc3 g6 4.
g3 Bg7 5. Bg2 Nc6 6. d4 cxd4 7.
Nxd4 O-O 8. O-O Nxd4 9. Qxd4 d6 10. Qd3 Nd7 11. b3 Nc5 12. Qd2 Rb8 13. Bb2 b6 14. Rac1 Bb7 15. Nd5 Nd7 16. Bxg7 Kxg7 17. Qd4+ e5 18.
Qd2 Nf6 19. Nc3 Bxg2 20. Kxg2 Qd7 21. Rfd1 Rfd8 22. Nd5 Qb7 23. Kg1 Nxd5 24. Qxd5 Qa6 25.
a4 Rbc8 26. Rd3 Rc5 27. Qf3 d5 28. e4 d4 29. Qe2 Rdc8 30. f4 f6 31. fxe5 fxe5 32.
Rf1 Qb7 33. Rdf3 Qe7 34. Qf2 R5c7 35. Rf6 Rd7 36. g4 Rcd8 37. h4 d3 38. Rf3 d2 39. Rd1 Qc5 40. Qxc5 bxc5 41. Kf2 Rd4 42. Re3 Rd3 43. Ke2 Rxe3+ 44. Kxe3 Rb8 45. Rxd2 Rxb3+ 46. Rd3 Rb4 47. Rd7+ Kg8 48. Rxa7 Rxc4 49. Kd3 Rd4+ 50.
Ke3 c4 51. Rc7 Rd3+ 52. Ke2 Rg3 0-1

[Event "*** Titled Tuesday Blitz"]
[Site "Chess.com"]
[Date "2020.04.07"]
[Round "5"]
[White "Tjktiger"]
[Black "Oleksandr_Bortnyk"]
[Result "0-1"]
[WhiteElo "2851"]
[BlackElo "2999"]
[TimeControl "180+1"]
[EndTime "13:56:30 PDT"]
[Termination "Oleksandr_Bortnyk won on time"]

1. c4 d6 2. Nc3 e5 3. g3 f5 4.
d4 Nf6 5. Nf3 e4 6. Nh4 Be7 7. Bh3 g6 8. Bh6 c6 9. d5 Nbd7 10. Qd2 Ne5 11. b3 Nfg4 12. Bg7 Bg5 13. Qc2 Rg8 14. Bxe5 Nxe5 15. Ng2 cxd5 16. Nxd5 Be6 17.
Ngf4 Bf7 18. Rd1 Bh6 19. Qc3 g5 20. Bxf5 gxf4 21. gxf4 Qh4 22. fxe5 Rg2 23. Rf1 Bxd5 24. Rxd5 e3 25. exd6 Kf7 26. Be6+ Kxe6 27. Qe5+ Kf7 28. Qf5+ Kg7 29. Qd7+ Kh8 30. Qxb7 exf2+ 31. Kd1 Rd8 32. Rd3 Rg1 0-1

[Event "*** Titled Tuesday Blitz"]
[Site "Chess.com"]
[Date "2020.04.07"]
[Round "5"]
[White "1f3_2g41-0"]
[Black "djano"]
[Result "0-1"]
[WhiteElo "2159"]
[BlackElo "2486"]
[TimeControl "180+1"]
[EndTime "13:56:30 PDT"]
[Termination "djano won by resignation"]

1. e4 e5 2. Nf3 Nc6 3. Bb5 a6 4. Ba4 g6 5. O-O Bg7 6. c3 b5 7. Bb3 Nf6 8. d4 exd4 9. e5 Ne4 10.
Re1 Nc5 11. cxd4 Nxb3 12. Qxb3 O-O 13. Bg5 Qe8 14. Nc3 Bb7 15. a4 Na5 16. Qb4 Nc6 17. Qb3 h6 18. Bf6 Na5 19. Qb4 Nc6 20. Qb3 Na5 21. Qd1 b4 22. Ne4 Bxe4 23.
Rxe4 Bxf6 24. Qc1 Bg7 25. Qxc7 Nc6 26. d5 Ne7 27. Rd1 Rc8 28. Qb6 Rc2 29. Qxb4 h5 30. Nd4 Rc8 31. Nb3 Rb8 32. Qc4 Qc8 33. Qd3 Qb7 34.
Nc5 Qa7 35. b4 a5 36. Qh3 Nf5 37. Qc3 axb4 38. Rxb4 Rbc8 39. Rc4 d6 40. Nd3 Rxc4 41.
Qxc4 dxe5 42. d6 Nxd6 43. Qd5 Nf5 44. Nxe5 Qxa4 45. h3 Bxe5 46. Qxe5 Qxd1+ 47. Kh2 Qd6 48. Qxd6 Nxd6 49. Kg3 g5 0-1

[Event "*** Titled Tuesday Blitz"]
[Site "Chess.com"]
[Date "2020.04.07"]
[Round "5"]
[White "maxip32"]
[Black "wang5ter"]
[Result "1-0"]
[WhiteElo "2478"]
[BlackElo "2265"]
[TimeControl "180+1"]
[EndTime "13:56:30 PDT"]
[Termination "maxip32 won by resignation"]

1. e4 e5 2. Nf3 Nc6 3. Bc4 Nf6 4. d3 Bc5 5. O-O a6 6. a4 d6 7. c3 Ba7 8. Na3 O-O 9. Nc2 h6 10. Be3 Be6 11. Bxe6 fxe6 12. Bxa7 Rxa7 13. Re1 Ra8 14. Ne3 d5 15. Nf1 Qd6 16. Ng3 Rad8 17.
Qe2 Rfe8 18. Rad1 d4 19. Qc2 a5 20. Qb3 b6 21. Qc4 Qc5 22. Qxc5 bxc5 23. cxd4 exd4 24. e5 Nd5 25. Ne4 Rb8 26. Rd2 Nf4 27. Nxc5 Nb4 28. g3 Nfd5 29. Nxd4 Rbd8 30. Ndxe6 Rc8 31. Nd4 Nb6 32.
Nf5 Rcd8 33. b3 Rd5 34. d4 Nc6 35. Red1 Nxe5 36. dxe5 Rxc5 37. f4 Rc3 38. Rd8 Rxd8 39. Rxd8+ Kh7 40. e6 Rxb3 41. e7 Rb1+ 42. Kf2 Nc4 43. e8=Q Rb2+ 44. Kf3 Nd2+ 45. Rxd2 Rxd2 46. Qf7 1-0

[Event "*** Titled Tuesday Blitz"]
[Site "Chess.com"]
[Date "2020.04.07"]
[Round "5"]
[White "Khamrakulov_Djurabek"]
[Black "Artem_Sadovsky"]
[Result "1-0"]
[WhiteElo "2900"]
[BlackElo "2634"]
[TimeControl "180+1"]
[EndTime "13:56:31 PDT"]
[Termination "Khamrakulov_Djurabek won on time"]

1. e4 g6 2. d4 Bg7 3. Bc4 c6 4. Nc3 d5 5. exd5 b5 6. Bb3 b4 7. Nce2 cxd5 8. Nf3 Nf6 9. a3 bxa3 10. Rxa3 O-O 11.
O-O Nbd7 12. Re1 a5 13. Bd2 e6 14. Qa1 Ba6 15. Bxa5 Qc8 16. Nc3 Qb7 17. Ba4 Rfb8 18. Rb3 Qc8 19. Rxb8 Nxb8 20. b4 Nc6 21. Bxc6 Qxc6 22.
Ne5 Qb7 23. b5 Bxb5 24. Rb1 Qa6 25. Rxb5 Ne4 26. Qb2 Bxe5 27. dxe5 Nd2 28. Nxd5 exd5 29. Bxd2 Qa1+ 30. Qb1 Qxe5 31. c3 Qe2 32. Bh6 Qe5 33. h3 g5 34. g3 Re8 35. c4 Qf6 36. Rb6 1-0

[Event "*** Titled Tuesday Blitz"]
[Site "Chess.com"]
[Date "2020.04.07"]
[Round "5"]
[White "VladDobrov"]
[Black "nihalsarin"]
[Result "1/2-1/2"]
[WhiteElo "2878"]
[BlackElo "3082"]
[TimeControl "180+1"]
[EndTime "13:56:32 PDT"]
[Termination "Game drawn by agreement"]

1. d4 Nf6 2. c4 e6 3. Nf3 d5 4. Nc3 Be7 5. Bf4 O-O 6. e3 c5 7. dxc5 Bxc5 8. cxd5 Nxd5 9. Nxd5 exd5 10. Bd3 Bb4+ 11.
Ke2 Nc6 12. Qb3 Re8 13. Rhd1 h6 14. Kf1 Ba5 15. Be2 Bb6 16. Rxd5 Qf6 17. Rd6 Be6 18. Qa3 Qf5 19. Rc1 Rad8 20. h3 Rxd6 21. Bxd6 Rd8 22.
Kg1 Qd5 23. Bc5 Bxc5 24. Rxc5 Qxa2 25. Qxa2 Bxa2 26. Bb5 Rd1+ 27. Kh2 Bd5 28. Bxc6 bxc6 29. Kg3 Rb1 30. Nd4 Rxb2 31. f3 Rd2 32. Ra5 g6 33.
h4 h5 34. Rc5 Kg7 35. Ra5 Ra2 36.
Rc5 Rd2 37. Nxc6 Bxc6 38. Rxc6 Ra2 39. Rc7 a5 40. Ra7 a4 41. Ra6 Kf8 42. e4 Ke7 43. e5 a3 44. Kf4 Rxg2 45. Rxa3 1/2-1/2

[Event "*** Titled Tuesday Blitz"]
[Site "Chess.com"]
[Date "2020.04.07"]
[Round "5"]
[White "tonyq11"]
[Black "Stouuf"]
[Result "0-1"]
[WhiteElo "2272"]
[BlackElo "2511"]
[TimeControl "180+1"]
[EndTime "13:56:32 PDT"]
[Termination "Stouuf won by resignation"]

1. d4 d6 2. c4 e5 3. Nf3 e4 4.
Nfd2 f5 5. Nc3 g6 6. e3 Bg7 7. h4 Nf6 8. h5 O-O 9. hxg6 hxg6 10. b3 c5 11. Bb2 Nc6 12. d5 Ne5 13. Qc2 Bd7 14.
O-O-O a6 15. f3 exf3 16. gxf3 b5 17. Be2 bxc4 18. Nxc4 Nxc4 19. Bxc4 a5 20. Rdg1 Qe8 21. e4 a4 22. Qg2 axb3 23. axb3 fxe4 24. fxe4 Ng4 25. Rh4 Rf4 26. Qg3 Qe5 27. Be2 Rxe4 28. Qxe5 Rxe5 29. Bxg4 Bf6 30. Rhh1 Bxg4 31. Rxg4 Kg7 32.
Rhg1 g5 33. Ne4 Rxe4 34. Bxf6+ Kxf6 35. Rxe4 Ra1+ 36. Kd2 Rxg1 37. Re6+ Kf5 38. Rxd6 g4 39. Rd8 g3 40. Rg8 Ke5 41. d6 Kxd6 42. Ke2 Kd5 43. Kf3 Kd4 44. Rxg3 Rxg3+ 45. Kxg3 Kc3 46. Kf2 Kxb3 47.
Ke2 c4 48. Kd1 Kb2 49. Kd2 c3+ 50. Kd3 c2 51. Kd4 c1=Q 52. Kd5 Qc3 53. Ke6 0-1

[Event "*** Titled Tuesday Blitz"]
[Site "Chess.com"]
[Date "2020.04.07"]
[Round "5"]
[White "Rogue_King"]
[Black "kinga2008"]
[Result "1-0"]
[WhiteElo "2228"]
[BlackElo "1906"]
[TimeControl "180+1"]
[EndTime "13:56:32 PDT"]
[Termination "Rogue_King won on time"]

1. d4 Nf6 2. c4 g6 3. Nc3 Bg7 4. e4 d6 5. Be2 O-O 6. Nf3 e5 7.
O-O exd4 8. Nxd4 Nc6 9. Be3 Nxd4 10. Bxd4 Re8 11. f3 Bd7 12. Qd2 a6 13. Rfd1 Rb8 14. Rac1 Nh5 15. Be3 f5 16. exf5 gxf5 17. Bd3 c6 18.
Bf2 Qf6 19. Bb1 Bh6 20. Qxd6 Qxd6 21. Rxd6 Bxc1 22. Rxd7 Bxb2 23. Na4 Ba3 24. Bxf5 Nf4 25. Bxh7+ Kf8 26. Bh4 Be7 27. Bg3 Ne2+ 28. Kf2 Nxg3 29. Kxg3 b5 30. cxb5 cxb5 31. Nc3 Red8 32. Ra7 Rb6 33.
Ne4 Rdb8 34. Bf5 Kf7 35. h4 R8b7 36. Ra8 Rb8 37. Ra7 R8b7 38. Ra8 Kg7 39. h5 Bd6+ 40. Kh4 Be7+ 41. Kg3 Rh6 42. Bg6 Rb6 43. Ra7 1-0